[Event "Team 45 45 League T77"]
[Site "Internet Chess Club"]
[Date "2018.07.23"]
[Round "5"]
[White "g8wrb"]
[Black "nidusin2"]
[Result "0-1"]
[WhiteElo "1298"]
[BlackElo "1499"]
[Opening "Philidor: Improved Hanham variation"]
[ECO "B07"]
[Time "09:01:21"]
[TimeControl "2700+45"]

1. e4 d6 2. d4 Nf6 3. Nc3 Nbd7 4. Nf3 e5 5. d5 Be7 6. Bb5 O-O 7. O-O Nc5 8. Re1
a6 9. Bd3 Bg4 10. b4 Nxd3 11. Qxd3 c6 12. Bg5 Bxf3 13. Qxf3 Nxd5 14. exd5 Bxg5
15. dxc6 bxc6 16. Qxc6 Rc8 17. Qf3 Bd2 18. Nd5 Bxe1 19. Rxe1 Rxc2 20. Qa3 Rd2
21. Qb3 Qa8 22. Rd1 Rxd1+ 23. Qxd1 Qb7 24. a3 Rc8 25. h3 h6 26. Qd2 Rc4 27. Ne3
Rd4 28. Qa2 Qe4 29. Qb3 Qd3 30. Qa4 f5 31. Qa5 f4 32. Ng4 h5 33. Qd8+ Kh7 34.
Qh4 Qg6 35. Kh1 e4 36. Kg1 e3 37. Nxe3 Re4 38. Nd5 f3 39. Qg3 Qxg3 40. fxg3 fxg2
41. Kxg2 Rd4 42. Nf4 Kh6 43. Kf3 g5 44. Ke3 Rd1 45. Nd3 Ra1 46. Kd4 Rxa3 47. g4
hxg4 48. hxg4 Kg6 49. Kc4 Kf6 50. Nf2 Rf3 51. Ne4+ Kg6 52. Nxd6 Rf4+ 53. Kc5
Rxg4 54. Nb7 Rf4 55. Kb6 Rxb4+ 56. Kxa6 Rxb7 57. Kxb7 g4 58. Kc6 g3 59. Kd5 g2
60. Ke5 g1=Q 61. Kd5 Kf5 62. Kd6 Qd4+ 63. Ke7 Qf6+ 64. Kd7 Ke5 65. Kc7 Kd5 66.
Kd7 Qf7+ 67. Kc8 Kc6 68. Kb8 Qb7# {White checkmated} 0-1

[Event "Team 45 45 League T77"]
[Site "Internet Chess Club"]
[Date "2018.07.20"]
[Round "5"]
[White "upsan"]
[Black "RD1974"]
[Result "1-0"]
[WhiteElo "1715"]
[BlackElo "1600"]
[Opening "French: Tarrasch, closed variation, main line"]
[ECO "C06"]
[Time "19:04:20"]
[TimeControl "2700+45"]

1. e4 e6 2. d4 d5 3. Nd2 Nf6 4. e5 Nfd7 5. Bd3 c5 6. c3 Nc6 7. Ne2 cxd4 8. cxd4
Be7 9. O-O O-O 10. Nf3 f5 11. Bd2 Nb4 12. Bxb4 Bxb4 13. Qb3 Be7 14. Rfc1 Nb6 15.
a4 Nd7 16. a5 Nb8 17. Bb5 Bd7 18. Nf4 g5 19. Bxd7 Qxd7 20. Nxe6 Qxe6 21. Qxb7 g4
22. Qxa8 gxf3 23. Qxa7 Qg6 24. g3 Qh5 25. Kh1 Bg5 26. Rc7 Qh6 27. Qb7 f4 28.
Qxd5+ Kh8 29. g4 Bh4 30. Qxf3 Na6 31. Rc6 Qg5 32. Rxa6 Bxf2 33. Qxf2 Qxg4 34.
Rg1 Qc8 35. Qg2 Qd7 36. Ra8 Qf7 37. Rxf8+ Qxf8 38. Qg8+ Qxg8 39. Rxg8+ Kxg8 40.
Kg2 Kg7 41. Kf3 {Black resigns} 1-0

[Event "Team 45 45 League T77"]
[Site "Internet Chess Club"]
[Date "2018.07.22"]
[Round "5"]
[White "fao9944"]
[Black "cityprosecutor"]
[Result "1-0"]
[WhiteElo "1725"]
[BlackElo "1677"]
[Opening "Queen's pawn game"]
[ECO "A46"]
[Time "07:01:16"]
[TimeControl "2700+45"]

1. d4 Nf6 2. Nf3 c5 3. e3 g6 4. g3 Bg7 5. Bg2 O-O 6. O-O d5 7. c3 Nc6 8. Nbd2
Qb6 9. Qe2 Bf5 10. Nb3 c4 11. Nc5 Qc7 12. Nh4 Bg4 13. f3 Bc8 14. e4 e6 15. e5
Nd7 16. Nxd7 Bxd7 17. f4 b5 18. a3 Na5 19. Be3 Nb3 20. Rab1 a5 21. g4 Qd8 22.
Nf3 f5 23. exf6 Qxf6 24. Ne5 Qe7 25. f5 a4 26. Bg5 Bf6 27. Nxd7 Qxd7 28. fxe6
Qe7 29. Bxf6 Rxf6 30. Rxf6 Qxf6 31. Bxd5 Re8 32. Rf1 Nxd4 33. Rxf6 Nxe2+ 34. Kf1
Nc1 35. Rf7 {Black resigns} 1-0

[Event "Team 45 45 League T77"]
[Site "Internet Chess Club"]
[Date "2018.07.21"]
[Round "5"]
[White "Constrictor"]
[Black "Gojira"]
[Result "1-0"]
[WhiteElo "1565"]
[BlackElo "1620"]
[Opening "Sicilian: Nimzovich-Rossolimo attack (with ...g6, without ...d6)"]
[ECO "B31"]
[Time "10:07:17"]
[TimeControl "2700+45"]

1. e4 c5 2. Nf3 Nc6 3. Bb5 g6 4. O-O Bg7 5. Re1 d6 6. c3 Bd7 7. Na3 e6 8. Qb3
Nge7 9. Nc2 Qb6 10. Bxc6 Nxc6 11. Qxb6 axb6 12. d3 O-O 13. Bf4 e5 14. Bg5 h6 15.
Bd2 Be6 16. c4 Kh7 17. Na3 Rfd8 18. Nb5 Na7 19. Nc7 Rac8 20. Nxe6 fxe6 21. Bc3
b5 22. Ba5 Rd7 23. Bb6 b4 24. Bxa7 Ra8 25. a3 Rxa7 26. axb4 b6 27. b5 d5 28. Ra6
dxc4 29. dxc4 Rxa6 30. bxa6 Kg8 31. Ra1 Ra7 32. Nd2 h5 33. Nb1 Bh6 34. Nc3 Bd2
35. Nb5 Ra8 36. a7 Ba5 37. Rd1 Kf7 38. Rd7+ Kf8 39. Rb7 Rd8 40. Rb8 {Black
resigns} 1-0

[Event "Team 45 45 League T77"]
[Site "Internet Chess Club"]
[Date "2018.07.23"]
[Round "5"]
[White "idjit"]
[Black "Hal2001"]
[Result "0-1"]
[WhiteElo "1516"]
[BlackElo "1544"]
[Opening "Sicilian: Grand Prix attack"]
[ECO "B23"]
[Time "19:05:54"]
[TimeControl "2700+45"]

1. e4 c5 2. Nc3 Nc6 3. f4 e6 4. Nf3 Nge7 5. Bb5 a6 6. Bxc6 Nxc6 7. O-O d5 8.
exd5 exd5 9. Re1+ Be7 10. Ne5 Nxe5 11. fxe5 O-O 12. Qf3 d4 13. Nd5 Bg5 14. d3
Bxc1 15. Raxc1 Be6 16. c4 b5 17. b3 bxc4 18. bxc4 Rb8 19. Rc2 Qd7 20. Re4 Bxd5
{White resigns} 0-1

[Event "Team 45 45 League T77"]
[Site "Internet Chess Club"]
[Date "2018.07.21"]
[Round "5"]
[White "Packerfan"]
[Black "primerpaso"]
[Result "1-0"]
[WhiteElo "1670"]
[BlackElo "1813"]
[Opening "Sicilian: Alapin's variation (2.c3)"]
[ECO "B22"]
[Time "10:10:30"]
[TimeControl "2700+45"]

1. e4 c5 2. c3 d5 3. exd5 Qxd5 4. d4 Nf6 5. Nf3 Bg4 6. Be2 e6 7. O-O Be7 8. h3
Bh5 9. dxc5 Qxd1 10. Rxd1 Bxc5 11. Nbd2 O-O 12. Nc4 Nc6 13. Be3 Be7 14. Kf1 Nd5
15. Bd2 f6 16. g3 Rfd8 17. Ne3 Nc7 18. Nc2 e5 19. Nh4 Bf7 20. Nf5 Bf8 21. c4 Be6
22. g4 g6 23. Nfe3 Nd4 24. Bc3 Nxe2 25. Kxe2 Bg7 26. Nb4 Kf8 27. Rd3 Rxd3 28.
Nxd3 b5 29. cxb5 Nxb5 30. Bb4+ Ke8 31. Nc5 Nd4+ 32. Kf1 Bf7 33. Nb7 Rb8 34. Nd6+
Kd7 35. Ba3 Bg8 36. b3 Bf8 37. Ndc4 Bxa3 38. Nxa3 Rc8 39. Nac4 Bxc4+ 40. Nxc4
Ke6 41. Rc1 Rc6 42. Rd1 Ra6 43. Rd2 Nb5 44. f3 Nc3 45. a4 Nd5 46. Kf2 Rc6 47. h4
Nc7 48. Rd8 Na6 49. Re8+ Kd5 50. Ne3+ Kd4 51. Ra8 Rc7 52. Rd8+ Kc5 53. Rd5+ Kb4
54. Rb5+ Ka3 55. Nc4+ Ka2 56. Ke2 Nc5 57. Nd2 Ne6 58. Kd1 Nd4 59. Rb8 Rc3 60. b4
Nxf3 61. Nxf3 Rxf3 62. Rb7 Ka3 63. a5 Rf4 64. b5 Ra4 65. b6 axb6 66. axb6 Rxg4
67. Ra7+ Kb3 68. b7 Rb4 69. Kc1 e4 70. Ra1 Rc4+ 71. Kd2 Kb2 72. Ra8 {Black
resigns} 1-0

[Event "Team 45 45 League T77"]
[Site "Internet Chess Club"]
[Date "2018.07.18"]
[Round "5"]
[White "VictorRed"]
[Black "Bizzy-Ketty"]
[Result "1/2-1/2"]
[WhiteElo "1732"]
[BlackElo "1585"]
[Opening "Queen's pawn game"]
[ECO "A46"]
[Time "17:51:55"]
[TimeControl "2700+45"]

1. d4 Nf6 2. Nf3 e6 3. g3 c5 4. c3 b6 5. Bg2 Bb7 6. O-O Be7 7. Re1 d5 8. Nbd2
Nc6 9. Ne5 O-O 10. Ndf3 Nd7 11. Bf4 f6 12. Nxd7 Qxd7 13. e4 dxe4 14. Rxe4 Nxd4
15. Nxd4 Bxe4 16. Bxe4 Rad8 17. Qh5 f5 18. Bc6 Qc8 19. Bb7 Qd7 20. Bc6 Qc8 21.
Bb7 Qd7 22. Bc6 Qc8 23. Bb7 {Game drawn by repetition} 1/2-1/2

[Event "Team 45 45 League T77"]
[Site "Internet Chess Club"]
[Date "2018.07.22"]
[Round "5"]
[White "olivermx"]
[Black "Electryon"]
[Result "0-1"]
[WhiteElo "1211"]
[BlackElo "1496"]
[Opening "Scandinavian (center counter) defense"]
[ECO "B01"]
[Time "21:07:27"]
[TimeControl "2700+45"]

1. e4 d5 2. exd5 Qxd5 3. Nc3 Qd8 4. Nf3 c6 5. Bc4 Bf5 6. O-O e6 7. d3 Nf6 8. Bf4
Be7 9. h3 Nbd7 10. Ne2 Nd5 11. Bh2 O-O 12. d4 b5 13. Bd3 Bxd3 14. Qxd3 a6 15. c3
c5 16. Rfe1 cxd4 17. Nfxd4 Nc5 18. Qc2 Qd7 19. Rad1 Qb7 20. Nf3 Rfd8 21. Nf4 Nf6
22. Nd2 Rac8 23. f3 Qb6 24. Kh1 Nb7 25. Bg1 Bc5 26. Bxc5 Qxc5 27. Nd3 Qf5 28.
Ne4 Nh5 29. g4 Qxf3+ 30. Qg2 Rxd3 31. Qxf3 Rxf3 32. gxh5 Rxh3+ 33. Kg2 Rxh5
{White resigns} 0-1

[Event "Team 45 45 League T77"]
[Site "Internet Chess Club"]
[Date "2018.07.23"]
[Round "5"]
[White "PolishRyszard"]
[Black "Terte"]
[Result "1/2-1/2"]
[WhiteElo "1839"]
[BlackElo "1794"]
[Opening "Nimzovich-Larsen attack: modern variation"]
[ECO "A01"]
[Time "05:02:03"]
[TimeControl "2700+45"]

1. b3 e5 2. Bb2 Nc6 3. e3 Nf6 4. Bb5 d6 5. d4 exd4 6. Qxd4 a6 7. Bxc6+ bxc6 8.
Nf3 Be7 9. c4 O-O 10. Nc3 c5 11. Qd3 Bd7 12. O-O a5 13. Rfe1 a4 14. Ne2 Bc6 15.
Ng3 Re8 16. h3 Bf8 17. Qc3 a3 18. Bc1 g6 19. Bd2 Bg7 20. Qd3 Ne4 21. Rad1 Nxg3
22. fxg3 Be4 23. Qe2 Qf6 24. Qf2 Qb2 25. Ng5 f5 26. Nxe4 fxe4 27. Bc1 Qxf2+ 28.
Kxf2 Rf8+ 29. Ke2 h5 30. Rf1 Be5 31. g4 hxg4 32. hxg4 Bb2 33. Rxf8+ Kxf8 34. Bd2
Kg7 35. Be1 Be5 36. Bh4 Rh8 37. Bg5 Bg3 38. Bf4 Bxf4 39. exf4 Rh4 40. Ke3 Rxg4
41. Rd2 g5 42. fxg5 Kg6 43. Rf2 Kxg5 44. Rf8 Kh6 45. Ra8 Rxg2 46. Rxa3 d5 47.
cxd5 c4 48. Ra6+ Kg5 49. bxc4 Kf5 50. a4 Rg3+ 51. Kf2 Ra3 52. Rc6 Rxa4 53. Rxc7
Ke5 {Game drawn by mutual agreement} 1/2-1/2

[Event "Team 45 45 League T77"]
[Site "Internet Chess Club"]
[Date "2018.07.19"]
[Round "5"]
[White "leandromorg"]
[Black "disinformator"]
[Result "0-1"]
[WhiteElo "1765"]
[BlackElo "1790"]
[Opening "Kevitz-Trajkovich defense"]
[ECO "A50"]
[Time "16:02:09"]
[TimeControl "2700+45"]

1. d4 Nf6 2. c4 Nc6 3. Nc3 e5 4. d5 Ne7 5. e4 Ng6 6. Be3 Bb4 7. f3 Bxc3+ 8. bxc3
d6 9. c5 O-O 10. Bd3 Ne8 11. Ne2 Nh4 12. O-O f5 13. f4 fxe4 14. Bxe4 Nf6 15. Bc2
Ng4 16. Bc1 Nxg2 17. Kxg2 Qh4 18. h3 Ne3+ 19. Bxe3 Bxh3+ 20. Kg1 Qg4+ 21. Kf2
Qg2+ 22. Ke1 Qxf1+ 23. Kd2 exf4 24. Nxf4 Rxf4 25. Qh5 Qg2+ 26. Kc1 Bf5 27. Qxf5
Rxf5 28. Bxf5 Qf1+ {White resigns} 0-1

[Event "Team 45 45 League T77"]
[Site "Internet Chess Club"]
[Date "2018.07.22"]
[Round "5"]
[White "cadmiumorange"]
[Black "MarcB"]
[Result "1-0"]
[WhiteElo "1767"]
[BlackElo "1644"]
[Opening "Queen's pawn, Mason variation"]
[ECO "D00"]
[Time "14:03:50"]
[TimeControl "2700+45"]

1. d4 d5 2. Bf4 c6 3. c3 Nf6 4. Nf3 e6 5. e3 Bd6 6. Ne5 O-O 7. Nd2 Qc7 8. Bd3
Nbd7 9. Ndf3 Ne4 10. O-O f6 11. Nxd7 Bxd7 12. Bxd6 Qxd6 13. Bxe4 dxe4 14. Nd2 f5
15. Qb3 Qc7 16. c4 b6 17. Rac1 Rf6 18. f3 Raf8 19. fxe4 Rh6 20. e5 c5 21. Nf3
Kh8 22. d5 Rb8 23. e4 fxe4 24. Ng5 Rg6 25. d6 Qc8 26. Qe3 Kg8 27. Rf2 Qd8 28.
Nh3 Qh4 29. Rcf1 Bc6 30. Qf4 Qxf4 31. Nxf4 Rh6 32. g4 e3 33. Re2 g5 34. Nh5 Be8
35. Nf6+ Kg7 36. Rxe3 Bc6 37. d7 Rd8 38. Ne8+ Kg8 39. Nf6+ Kg7 40. Rd3 Kf7 41.
Rd6 Bb7 42. Nd5+ Kg7 43. Nc7 {Black resigns} 1-0

[Event "Team 45 45 League T77"]
[Site "Internet Chess Club"]
[Date "2018.07.22"]
[Round "5"]
[White "nealbruce"]
[Black "walkover"]
[Result "1-0"]
[WhiteElo "1653"]
[BlackElo "1712"]
[Opening "Sicilian: Alapin's variation (2.c3)"]
[ECO "B22"]
[Time "11:30:31"]
[TimeControl "2700+45"]

1. e4 c5 2. c3 d5 3. exd5 Qxd5 4. d4 e6 5. Nf3 Nf6 6. Be2 Nc6 7. Be3 cxd4 8.
cxd4 Be7 9. O-O O-O 10. Nc3 Qd6 11. h3 b6 12. Rc1 Bb7 13. Qd2 Rac8 14. Rfd1 Nd5
15. Nxd5 Qxd5 16. Bc4 Qh5 17. Be2 Qd5 18. a3 Bf6 19. Bc4 Qh5 20. b4 Rfd8 21. d5
exd5 22. Bxd5 Re8 23. Bg5 Qg6 24. Bxf6 Qxf6 25. Ng5 Rf8 26. Ne4 Qe5 27. Nd6 Qxd6
28. Bxf7+ Kxf7 29. Qxd6 Rfd8 30. Qf4+ Kg8 31. Rxd8+ Rxd8 32. Qc4+ Kh8 33. Qf7
Nd4 34. Rc7 {Black resigns} 1-0

[Event "Team 45 45 League T77"]
[Site "Internet Chess Club"]
[Date "2018.07.22"]
[Round "5"]
[White "fledermaus"]
[Black "primerpaso"]
[Result "1/2-1/2"]
[WhiteElo "1833"]
[BlackElo "1838"]
[Opening "English opening"]
[ECO "A05"]
[Time "16:01:58"]
[TimeControl "2700+45"]

1. Nf3 Nf6 2. c4 g6 3. Nc3 c6 4. e4 d6 5. d4 Bg7 6. Be2 O-O 7. Bf4 Nbd7 8. O-O
a6 9. Qc2 b5 10. b3 Bb7 11. h3 Rc8 12. e5 Ne8 13. Rad1 Nb6 14. Rfe1 Nc7 15. exd6
exd6 16. Ne4 Ne8 17. Bg3 Rc7 18. c5 Nc8 19. cxd6 Ncxd6 20. Nxd6 Nxd6 21. Bd3 Rc8
22. Qc5 Ne8 23. Re7 Ba8 24. Ne5 Nf6 25. Qa7 Nh5 26. Rxf7 Rxf7 27. Qxf7+ Kh8 28.
Qe6 Qe8 29. Nf7+ Kg8 30. Nh6+ Kh8 31. Nf7+ Kg8 32. Ng5+ Qxe6 33. Nxe6 Nxg3 34.
Nxg7 Kxg7 35. fxg3 Rd8 36. Be4 Kf6 37. Kf2 Ke6 38. Ke3 c5 39. Bxa8 cxd4+ 40.
Rxd4 Rxa8 41. Rh4 Ra7 42. Kd3 Kd5 43. Rd4+ Kc5 44. b4+ Kc6 45. Re4 a5 46. a3
axb4 47. axb4 Ra3+ 48. Kd4 Rxg3 49. Re6+ Kd7 50. Re2 {Game drawn by mutual
agreement} 1/2-1/2

[Event "Team 45 45 League T77"]
[Site "Internet Chess Club"]
[Date "2018.07.22"]
[Round "5"]
[White "VictorRed"]
[Black "jonesey"]
[Result "1-0"]
[WhiteElo "1744"]
[BlackElo "1829"]
[Opening "Benkö gambit"]
[ECO "A57"]
[Time "09:06:49"]
[TimeControl "2700+45"]

1. d4 Nf6 2. c4 c5 3. d5 b5 4. Nc3 b4 5. Nb1 e6 6. Nf3 exd5 7. cxd5 Bb7 8. Bg5
h6 9. Bxf6 Qxf6 10. Qd2 Qf5 11. Qe3+ Kd8 12. g3 Be7 13. Bg2 Re8 14. O-O Bf6 15.
Qxc5 Bxb2 16. Qxb4 Qf6 17. Qxb7 Qb6 18. Qxa8 Bxa1 19. e3 d6 20. Nbd2 Kc7 21.
Rxa1 {Black resigns} 1-0

[Event "Team 45 45 League T77"]
[Site "Internet Chess Club"]
[Date "2018.07.21"]
[Round "5"]
[White "LookImYourVader"]
[Black "Portola"]
[Result "0-1"]
[WhiteElo "1802"]
[BlackElo "1791"]
[Opening "QGD: exchange, positional line"]
[ECO "D35"]
[Time "15:30:24"]
[TimeControl "2700+45"]

1. d4 d5 2. c4 e6 3. Nc3 Nf6 4. cxd5 exd5 5. Bg5 Be7 6. e3 O-O 7. Bd3 c6 8. Qc2
h6 9. Bh4 Nbd7 10. Nf3 Re8 11. O-O Nf8 12. Rab1 a5 13. a3 Ne4 14. Bxe7 Qxe7 15.
Ne5 Nxc3 16. Qxc3 Be6 17. b4 axb4 18. axb4 Rec8 19. Rfc1 Ra2 20. Rc2 Rca8 21.
Rxa2 Rxa2 22. Qb3 Ra8 23. Rc1 Nd7 24. f4 Nxe5 25. fxe5 Qg5 26. Bf1 Bd7 27. Re1
Be8 28. b5 Qe7 29. bxc6 Bxc6 30. Qd3 Qb4 31. Rb1 Qe7 32. Qf5 Qa3 33. Bd3 g6 34.
Qf1 Qc3 35. Qe2 Ra3 36. Rd1 Ba4 37. Rd2 Ra1+ 38. Kf2 Qc1 39. Rb2 Qg1+ 40. Kg3
Re1 41. Qf2 Rxe3+ {White resigns} 0-1

[Event "Team 45 45 League T77"]
[Site "Internet Chess Club"]
[Date "2018.07.19"]
[Round "5"]
[White "rubo"]
[Black "MathBandit"]
[Result "1-0"]
[WhiteElo "1611"]
[BlackElo "1515"]
[Opening "Queen's pawn, Mason variation"]
[ECO "D00"]
[Time "21:01:28"]
[TimeControl "2700+45"]

1. d4 d5 2. Bf4 Nf6 3. e3 Bf5 4. c4 e6 5. Qb3 c6 6. Qxb7 Qb6 7. Qc8+ Qd8 8. Qb7
Qb6 9. Qxb6 axb6 10. Nd2 Bb4 11. Nf3 Ne4 12. h3 Nd7 13. a3 Ndf6 14. Rc1 Bxd2+
15. Nxd2 Nxd2 16. Kxd2 O-O 17. f3 Rac8 18. cxd5 Nxd5 19. Ba6 Nxf4 20. Bxc8 Rxc8
21. exf4 Rd8 22. Ke3 Rc8 23. Rhd1 Kf8 24. g4 Bg6 25. h4 h5 26. Rc3 Ke7 27. d5
exd5 28. Rxd5 Ke6 29. Rd1 f5 30. gxh5 Bxh5 31. b4 Ke7 32. Rcd3 Ra8 33. Rg1 Kf8
34. Rg5 g6 35. Rg1 Ke7 36. Rc1 Rc8 37. Kd2 Ke6 38. Re1+ Kf7 39. Rd7+ Kf8 40.
Ree7 Bxf3 41. Rh7 Ke8 42. Rhe7+ Kf8 43. Rh7 Ke8 44. Rdg7 Kf8 45. Rxg6 Bg4 46.
Rh8+ {Black resigns} 1-0

[Event "Team 45 45 League T77"]
[Site "Internet Chess Club"]
[Date "2018.07.21"]
[Round "5"]
[White "Chess4Him"]
[Black "nosir"]
[Result "1-0"]
[WhiteElo "1515"]
[BlackElo "1405"]
[Opening "Queen's Pawn"]
[ECO "A41"]
[Time "21:00:57"]
[TimeControl "2700+45"]

1. d4 d6 2. Bf4 Nf6 3. e3 g6 4. Nf3 Bg7 5. h3 Nbd7 6. c4 b6 7. Nc3 Bb7 8. Be2
Ne4 9. Qc2 Nxc3 10. bxc3 O-O 11. O-O e5 12. Bh2 e4 13. Nd2 Nf6 14. a4 a5 15. Nb1
Re8 16. Rd1 Qe7 17. Na3 c6 18. Rab1 Nd7 19. c5 d5 20. Bd6 Qd8 21. c4 Ba6 22.
cxd5 Bxe2 23. Qxe2 Rc8 24. dxc6 Rxc6 25. Qb5 Rc8 26. Rdc1 bxc5 27. Bxc5 Rb8 28.
Qc4 Rxb1 29. Rxb1 Bf8 30. Bxf8 Rxf8 31. Nb5 Nb6 32. Qb3 Nd5 33. Nc3 Nb4 34. Nxe4
Kg7 35. Nc5 Re8 36. Qc4 Qe7 37. Nd3 Rb8 38. Nc5 Rc8 39. Qb5 Qa7 40. Rc1 Rc7 41.
Nb3 Rb7 42. Qe5+ f6 43. Qxa5 Qb8 44. Nc5 Nc6 45. Ne6+ Kh6 46. Qc5 Ne7 47. a5 Qe8
48. a6 Rb5 49. Qc7 Nf5 50. Nc5 Nxe3 51. Re1 Nd5 52. Qxh7+ Kxh7 53. Rxe8 Ra5 54.
Re6 Kh6 55. Nd7 Nc7 56. Rxf6 Nxa6 57. Ne5 Kg5 58. Rxg6+ Kf5 59. g4+ Ke4 60. f3+
Kxd4 61. Nc6+ {Black resigns} 1-0

[Event "Team 45 45 League T77"]
[Site "Internet Chess Club"]
[Date "2018.07.24"]
[Round "5"]
[White "g8wrb"]
[Black "Ostap-Bender"]
[Result "1/2-1/2"]
[WhiteElo "1301"]
[BlackElo "1350"]
[Opening "Sicilian: Alapin's variation (2.c3)"]
[ECO "B22"]
[Time "11:05:10"]
[TimeControl "2700+45"]

1. e4 c5 2. c3 d5 3. exd5 Qxd5 4. d4 cxd4 5. cxd4 Nc6 6. Nf3 Nf6 7. Nc3 Qd8 8.
Bb5 Bd7 9. O-O e6 10. Bg5 h6 11. Bf4 a6 12. Ba4 Qb6 13. Qb3 Qxb3 14. Bxb3 Be7
15. Rad1 O-O 16. d5 exd5 17. Nxd5 Nxd5 18. Bxd5 Rac8 19. Rfe1 Bf6 20. Bd6 Rfe8
21. Ba3 Be6 22. Bxe6 Rxe6 23. Rxe6 fxe6 24. h3 Rd8 25. Rxd8+ Bxd8 26. Kf1 Kf7
27. Ke2 b5 28. Bc5 Kf6 29. Ke3 Be7 30. Bxe7+ Nxe7 31. Ke4 Nc6 32. a3 Na5 33. Nd2
Nc6 34. f4 {Game drawn by mutual agreement} 1/2-1/2

[Event "Team 45 45 League T77"]
[Site "Internet Chess Club"]
[Date "2018.07.19"]
[Round "5"]
[White "PsyMar"]
[Black "smsxman"]
[Result "0-1"]
[WhiteElo "1276"]
[BlackElo "1325"]
[Opening "French: Rubinstein variation"]
[ECO "C10"]
[Time "10:00:00"]
[TimeControl "2700+45"]

1. e4 e6 2. d4 d5 3. Nc3 dxe4 4. Nxe4 Nf6 5. Nc3 Bb4 6. a3 Bxc3+ 7. bxc3 O-O 8.
Bd3 Nc6 9. Ne2 Re8 10. O-O e5 11. Rb1 e4 12. Bc4 Na5 13. Ba2 Bg4 14. f3 exf3 15.
gxf3 Be6 16. Bxe6 Rxe6 17. Kh1 Nd5 18. Bd2 b6 19. Rg1 Nc4 20. a4 Nce3 21. Bxe3
Nxe3 22. Qd3 Qf6 23. Rg3 Rae8 24. f4 Nf5 25. Rg2 Re3 26. Qa6 Qc6 27. Ng3 Nxg3+
28. hxg3 Rxg3 29. Rg1 h6 30. Kh2 Rxg2+ 31. Rxg2 Qf6 32. Qf1 Qh4+ 33. Kg1 Re1
{White resigns} 0-1

[Event "Team 45 45 League T77"]
[Site "Internet Chess Club"]
[Date "2018.07.22"]
[Round "5"]
[White "fao9944"]
[Black "Electryon"]
[Result "1/2-1/2"]
[WhiteElo "1715"]
[BlackElo "1490"]
[Opening "Queen's bishop game"]
[ECO "D02"]
[Time "11:02:36"]
[TimeControl "2700+45"]

1. d4 d5 2. Nf3 Nf6 3. Bf4 c5 4. e3 Nc6 5. Nbd2 cxd4 6. exd4 Bg4 7. c3 e6 8. Qb3
Qb6 9. Qxb6 axb6 10. Bb5 Be7 11. Ne5 Rc8 12. Nxg4 Nxg4 13. h3 Nf6 14. Nf3 O-O
15. O-O Na7 16. Bd3 b5 17. a3 Nd7 18. Rfe1 Nb6 19. Ne5 Nc4 20. Nxc4 bxc4 21. Bc2
b5 22. Re3 Rc6 23. g4 Bd6 24. Bxd6 Rxd6 25. f4 Nc8 26. h4 Nb6 27. b3 cxb3 28.
Bxb3 Nc4 29. Bxc4 bxc4 30. Re2 Ra6 31. a4 {Game drawn by mutual agreement}
1/2-1/2

[Event "Team 45 45 League T77"]
[Site "Internet Chess Club"]
[Date "2018.07.20"]
[Round "5"]
[White "kutch"]
[Black "noblitz-oblige"]
[Result "1-0"]
[WhiteElo "1540"]
[BlackElo "1543"]
[Opening "Kevitz-Trajkovich defense"]
[ECO "A50"]
[Time "21:32:06"]
[TimeControl "2700+45"]

1. d4 Nf6 2. c4 Nc6 3. Nc3 e5 4. d5 Ne7 5. e4 Ng6 6. a3 Bc5 7. Nf3 Ng4 8. Be3
Bxe3 9. fxe3 Nxe3 10. Qd2 Nxf1 11. Rxf1 d6 12. O-O-O Bg4 13. h3 Bxf3 14. gxf3
Qh4 15. Nb5 O-O 16. Nxc7 Rac8 17. Qa5 Qe7 18. Nb5 Rxc4+ 19. Nc3 b6 20. Qb5 Rfc8
21. Rf2 R8c5 22. Qb3 Qg5+ 23. Kb1 Qe3 24. Rc2 Qxf3 25. Rdd2 Rxe4 26. Ka2 Rec4
27. Rh2 Nf4 28. h4 Nxd5 29. Nxd5 Qxd5 30. Rhd2 Qc6 31. Rf2 d5 32. Rce2 f6 33.
Rg2 Rxh4 34. Qg3 g5 35. Qxh4 Rc4 36. Qh2 Rc1 37. Rc2 Rxc2 38. Rxc2 Qe6 39. Ka1
f5 40. Rc7 h6 41. Qc2 d4 42. Rxa7 e4 43. Qc7 {Black resigns} 1-0

[Event "Team 45 45 League T77"]
[Site "Internet Chess Club"]
[Date "2018.07.24"]
[Round "5"]
[White "Aquaman"]
[Black "WzeroMN"]
[Result "1-0"]
[WhiteElo "1211"]
[BlackElo "1056"]
[Opening "Réti opening"]
[ECO "A05"]
[Time "16:02:24"]
[TimeControl "2700+45"]

1. Nf3 Nf6 2. g3 Nc6 3. Bg2 e5 4. d3 Be7 5. e4 O-O 6. O-O d5 7. Nbd2 d4 8. Nc4
Bg4 9. Qe1 Bxf3 10. Bxf3 h6 11. Bg2 b5 12. Nd2 Nb4 13. Qd1 Nc6 14. a3 a5 15. b3
b4 16. Nc4 Bc5 17. f4 Re8 18. fxe5 Nxe5 19. Nxe5 Rxe5 20. Bf4 Re7 21. e5 Nd5 22.
Qf3 Nxf4 23. gxf4 f5 24. Qxa8 Qxa8 25. Bxa8 Kh7 26. a4 Re6 27. Rf2 Rg6+ 28. Rg2
Ra6 29. Bf3 Rg6 30. Re1 Rxg2+ 31. Bxg2 Kg8 32. e6 Be7 33. Re5 g6 34. Rxa5 Kg7
35. Rd5 Kf6 36. Rxd4 Bc5 37. Kf1 Bxd4 38. Bd5 Be3 39. h3 Bxf4 40. Ke2 Ke7 41. d4
Kd6 42. Bc4 Bg5 43. a5 Bd8 44. a6 Kc6 45. a7 Kb7 46. d5 Kxa7 47. Kf3 g5 48. Be2
Kb6 49. Bc4 Kc5 50. Kg3 h5 51. Kf3 Kd4 52. Kf2 Ke4 53. Kg2 Ke3 54. Bd3 f4 55.
Kf1 f3 56. Bg6 h4 57. Bd3 g4 58. hxg4 h3 59. Kg1 f2+ 60. Kh2 Kf3 61. Kxh3 Be7
62. Bf1 Bg5 63. Bd3 Ke3 64. Kg3 Bf4+ 65. Kg2 Bg5 66. Kg3 Bf4+ 67. Kh4 Bd6 68. g5
Be7 69. Kg4 Kd2 70. g6 Ke1 71. g7 f1=Q 72. Bxf1 Kxf1 73. g8=Q Bd6 74. Qf7+ Ke1
75. e7 Kd1 76. e8=Q Kc1 77. Qe4 Kb1 78. Qf1+ Ka2 79. Qd4 {Black resigns} 1-0

[Event "Team 45 45 League T77"]
[Site "Internet Chess Club"]
[Date "2018.07.23"]
[Round "5"]
[White "fireball"]
[Black "Gojira"]
[Result "0-1"]
[WhiteElo "1553"]
[BlackElo "1634"]
[Opening "Sicilian: Smith-Morra gambit"]
[ECO "B21"]
[Time "07:05:52"]
[TimeControl "2700+45"]

1. e4 c5 2. d4 cxd4 3. c3 dxc3 4. Nxc3 Nc6 5. Nf3 d6 6. Bc4 e6 7. O-O a6 8. Qe2
Be7 9. Rd1 b5 10. Bb3 Bd7 11. Bf4 e5 12. Be3 Nf6 13. Rac1 h6 14. Nd5 Nxd5 15.
Bxd5 Rc8 16. a4 Na5 17. Bd2 Qb6 18. Be3 Qb8 19. b4 Nc6 20. Bd2 O-O 21. Qd3 Nd8
22. a5 Ne6 23. Bb3 Qb7 24. Be3 Bc6 25. Nd2 Rfd8 26. f3 d5 27. exd5 Bxd5 28. Rxc8
Qxc8 29. Bxd5 Nc7 30. Bxf7+ Kxf7 31. Qb3+ Qe6 32. Qxe6+ Kxe6 33. Rc1 Nd5 34. Bb6
Nxb6 35. Rc6+ Rd6 36. Rxb6 Rxb6 37. axb6 Bxb4 38. b7 Bc5+ 39. Kf1 Ba7 40. Ne4
Kd5 41. Ke2 Kc6 42. Kd3 Kxb7 43. Nd6+ Kc6 44. Nf5 Kd5 45. Nxg7 Bd4 46. Nf5 h5
47. Ng7 h4 48. Nf5 Bf2 49. Ke2 Ke6 50. Nh6 Bg1 51. Ng4 b4 52. Kd3 a5 53. Kc4 Kf5
54. Nh6+ Kf4 55. h3 e4 56. fxe4 Kxe4 57. Ng4 Kf4 58. Nf6 Bb6 59. Nd5+ Kg3 60.
Nxb6 Kxg2 61. Nd5 Kxh3 62. Kb5 b3 63. Kxa5 b2 64. Nc3 Kg2 65. Kb4 h3 66. Kb3 h2
67. Kxb2 h1=Q 68. Kc2 Kf3 69. Kd3 Qh6 70. Kc4 Qe6+ 71. Kd3 Qe3+ 72. Kc4 Qd2 73.
Nd5 Ke4 74. Nc3+ Ke5 75. Kb3 Kd4 76. Nb5+ Kc5 77. Nc3 Qd3 78. Kb2 Kb4 79. Na2+
Kc4 80. Nc1 Qd2+ 81. Kb1 Kb4 82. Na2+ Ka3 {White resigns} 0-1

[Event "Team 45 45 League T77"]
[Site "Internet Chess Club"]
[Date "2018.07.28"]
[Round "5"]
[White "bennywins"]
[Black "Skeptic1972"]
[Result "0-1"]
[WhiteElo "1493"]
[BlackElo "1562"]
[Opening "French: advance, Milner-Barry gambit"]
[ECO "C02"]
[Time "15:02:26"]
[TimeControl "2700+45"]

1. e4 e6 2. d4 d5 3. e5 c5 4. c3 Nc6 5. Nf3 Qb6 6. Bd3 cxd4 7. cxd4 Bd7 8. Be3
Qxb2 9. O-O Qxa1 10. Qd2 Bb4 11. Qc2 Rc8 12. Qb3 a5 13. Rc1 a4 14. Qd1 Qxa2 15.
Rc2 Qb3 16. Bb5 Ba5 17. Be2 Qb6 18. Ng5 Nge7 19. Bh5 Ng6 20. Qf3 Qxb1+ 21. Rc1
Qf5 {White resigns} 0-1